 Dungeon Crawl Stone Soup version 0.21-a0-582-g1b93aee (webtiles) character file.

1407 sithsevirus the Poker (level 8, -1/70 HPs)
             Began as a Centaur Monk on Dec 19, 2017.
             Slain by a centaur
             ... wielding a cursed -2 shortbow
              (2 damage)
             ... on level 6 of the Dungeon.
             The game lasted 00:27:15 (7800 turns).

sithsevirus the Poker (Centaur Monk)                Turns: 7800, Time: 00:27:16

Health: -1/70      AC:  8    Str: 16    XL:     8   Next: 42%
Magic:  2/2        EV:  9    Int:  9    God:
Gold:   117        SH:  0    Dex: 12    Spells: 7/7 levels left

rFire    . . .     SeeInvis .   l - +1 trident (antimagic)
rCold    . . .     Gourm    .   (no shield)
rNeg     . . .     Faith    .   H - +2 scale mail {MR+}
rPois    .         Spirit   .   (no helmet)
rElec    .         Reflect  .   (no cloak)
rCorr    .         Harm     .   (no gloves)
MR       +....                  (no barding)
Stlth    ..........             (no amulet)
HPRegen  0.21/turn              (no ring)
MPRegen  0.08/turn              (no ring)

@: very quick
A: large, hooves 3, deformed body, speed 2, tough skin 3
a: no special abilities


You were on level 6 of the Dungeon.
You were not hungry.

You visited 2 branches of the dungeon, and saw 7 of its levels.
You also visited: Ossuary.

You collected 348 gold pieces.
You spent 231 gold pieces at shops.

Inventory:

Hand Weapons
 b - a +0 shortbow
 d - a +0 hunting sling
 l - a +1 antimagic trident (weapon)
Missiles
 g - 211 stones (quivered)
 m - 41 sling bullets
 C - 29 arrows
Armour
 H - a +2 scale mail of magic resistance (worn)
Jewellery
 y - a cursed -5 ring of evasion {unknown}
Wands
 B - a wand of polymorph (11)
 D - a wand of random effects (22)
 G - a wand of iceblast (5)
Scrolls
 e - 7 scrolls of remove curse
 i - a scroll of fear
 n - 3 scrolls of identify
 t - a scroll of enchant weapon
 v - a scroll of amnesia
 x - 3 scrolls of immolation
Potions
 f - 6 potions of curing
 h - a potion of magic {unknown}
 j - a potion of cancellation {unknown}
 k - 2 potions of agility {unknown}
 o - a potion of mutation {unknown}
 p - 2 potions of lignification {unknown}
 q - a potion of brilliance {unknown}
 r - a potion of berserk rage
 w - 3 potions of heal wounds {unknown}
 z - 2 potions of resistance {unknown}
 A - a potion of might {unknown}
 E - a potion of haste {unknown}
Books
 F - a book of Misfortune

   Spells                             Type                      Level
   a - Confusing Touch                Hexes                        1
   b - Confuse                        Hexes                        3
   c - Gell's Gravitas                Translocation                3
   d - Petrify                        Transmutation/Earth          4
   e - Metabolic Englaciation         Hexes/Ice                    5
   f - Yara's Violent Unravelling     Hexes/Transmutation          5
Comestibles
 a - 3 chunks of flesh
 c - 5 rations


   Skills:
 + Level 6.0 Fighting
 * Level 7.3 Polearms
 + Level 4.5 Dodging
 - Level 1.1 Stealth


You had 7 spell levels left.
You didn't know any spells.

Dungeon Overview and Level Annotations

Branches:
Dungeon (6/15)             Temple (1/1) D:4

Altars:
Ashenzari
Cheibriados
Dithmenos
Elyvilon
Fedhas
Gozag
Hepliaklqana
Kikubaaqudgha
Makhleb
Okawaru
Ru
Sif Muna
Uskayaw
Xom
Zin

Shops:
D:5 [


Innate Abilities, Weirdness & Mutations

You have hooves in place of feet.
Armour fits poorly on your strangely shaped body.
You cover ground very quickly.
You have extremely tough skin. (AC +3)


Message History

You hit the centaur. Your kick misses the centaur.
The centaur is moderately wounded.
The centaur hits you with an enchanted shortbow.
* * * LOW HITPOINT WARNING * * *
You hit the centaur.
The centaur is moderately wounded.
The centaur hits you but does no damage.
You hit the centaur. You kick the centaur.
The centaur is heavily wounded.
The centaur hits you with an enchanted shortbow!
* * * LOW HITPOINT WARNING * * *
You hit the centaur. You kick the centaur.
The centaur is almost dead.
The centaur closely misses you.
The centaur hits you with an enchanted shortbow!
* * * LOW HITPOINT WARNING * * *
You hit the centaur but do no damage.
The centaur is almost dead.
The centaur hits you with an enchanted shortbow.
You die...

****#.,#.,,,,* *....,*
**##..#.####* *..#***
*,.........######..#
****,**#......÷.......#
*,,,,.$....##)#######.#
*,#######..*#(# *,#
**,#.....#.#*#.#
*,********
***,,#.....#.# #(#
*,,,,,,,,,
,,,,,#.#.#.#.# #@#
**********
****,#.#.#.#.# #c# *
#.###.###.###<#
************
#.........[§..#
*,,,,,,>,,,,
#####...#######
*,********** #..## *,*
#.## *,* #.# *,* #.#
*,*


You could see a centaur.

Vanquished Creatures
  Sigmund (D:5)
  Menkaure (Ossuary)
  An ice beast (D:5)
  An orc warrior (D:6)
  2 phantoms (D:4)
  A centaur (D:5)
  A wyvern skeleton (D:6)
  A scorpion (D:5)
  2 howler monkeys
  A bullfrog zombie (D:5)
  2 hounds (D:5)
  An orc wizard (D:4)
  A gnoll shaman (D:4)
  3 iguanas
  Terence (D:2)
  A worker ant (D:5)
  A hound skeleton (D:4)
  2 mummies (Ossuary)
  7 gnolls
  4 adders
  A river rat (D:5)
  2 shadow imps (D:5)
  An adder zombie (D:5)
  An adder skeleton (D:5)
  5 worms
  2 dart slugs (D:1)
  A leopard gecko (D:3)
  8 orcs
  11 bats
  2 giant cockroaches
  6 gnoll zombies (Ossuary)
  16 goblins
  16 hobgoblins
  10 jackals
  5 kobolds
  A ball python (D:1)
  5 frilled lizards
  4 gnoll skeletons (Ossuary)
  2 goblin skeletons (Ossuary)
  5 goblin zombies
  A hobgoblin skeleton (Ossuary)
  5 kobold skeletons (Ossuary)
  A kobold zombie (Ossuary)
  5 rats
  3 rat skeletons (Ossuary)
  3 rat zombies
157 creatures vanquished.

Vanquished Creatures (others)
  A mummy (Ossuary)
  A gnoll zombie (Ossuary)
  2 goblin skeletons (Ossuary)
  2 hobgoblin skeletons (Ossuary)
  4 hobgoblin zombies (Ossuary)
  A kobold skeleton (Ossuary)
  3 kobold zombies (Ossuary)
  An orc skeleton (Ossuary)
  An orc zombie (Ossuary)
  4 rat skeletons (Ossuary)
  3 rat zombies (Ossuary)
23 creatures vanquished.

Grand Total: 180 creatures vanquished

Notes
Turn   | Place    | Note
-------+----------+-------------------------------------------
     0 | D:1      | sithsevirus the Centaur Monk began the quest for the Orb.
     0 | D:1      | Reached XP level 1. HP: 19/19 MP: 1/1
   113 | D:1      | Reached skill level 3 in Polearms
   113 | D:1      | Reached XP level 2. HP: 24/26 MP: 2/2
   590 | D:1      | Reached XP level 3. HP: 30/31 MP: 3/3
  1086 | D:2      | Noticed Terence
  1107 | D:2      | Killed Terence
  1409 | D:2      | Reached XP level 4. HP: 17/38 MP: 4/4
  2208 | D:3      | Found a shattered altar of Ashenzari.
  2212 | D:3      | Saw a vision of the Shoals and the Snake Pit.
  2212 | D:3      | Noticed a naga
  2212 | D:3      | Noticed a merfolk siren
  2212 | D:3      | Noticed a merfolk siren
  2212 | D:3      | Noticed a merfolk
  2212 | D:3      | Noticed a black mamba
  2212 | D:3      | Noticed a merfolk
  2212 | D:3      | Noticed a naga warrior
  2212 | D:3      | Noticed a black mamba
  2212 | D:3      | Noticed a merfolk
  2212 | D:3      | Noticed a black mamba
  2214 | D:3      | Noticed a merfolk
  2479 | D:3      | Found a hide-covered altar of Uskayaw.
  2511 | D:3      | Reached skill level 4 in Polearms
  3103 | D:4      | Reached XP level 5. HP: 46/46 MP: 5/5
  3111 | D:4      | Found an iron altar of Okawaru.
  3132 | D:4      | Noticed a phantom
  3150 | D:4      | Killed a phantom
  3209 | D:4      | Found a staircase to the Ecumenical Temple.
  3216 | Temple   | Entered the Ecumenical Temple
  3475 | D:4      | Noticed a phantom
  3507 | D:4      | Killed a phantom
  3507 | D:4      | Reached XP level 6. HP: 37/52 MP: 6/6
  3610 | D:4      | Reached skill level 5 in Polearms
  5002 | D:5      | Entered Level 5 of the Dungeon
  5012 | D:5      | Reached XP level 7. HP: 44/60 MP: 7/7
  5193 | D:5      | Found a shattered altar of Ashenzari.
  5265 | D:5      | Found a sacrificial altar of Ru.
  5267 | D:5      | Found a shadowy altar of Dithmenos.
  5294 | D:5      | HP: 1/60 [shadow imp/nerve-wracking pain (12)]
  5535 | D:5      | Reached skill level 5 in Fighting
  5535 | D:5      | Reached skill level 6 in Polearms
  5901 | D:5      | Found Ijodamoi's Armour Shoppe.
  5918 | D:5      | Bought a +2 scale mail of magic resistance for 231 gold pieces
  6395 | D:5      | Noticed an angel
  6396 | D:5      | Found a glowing silver altar of Zin.
  6651 | D:5      | Noticed Sigmund
  6664 | D:5      | Killed Sigmund
  6664 | D:5      | Reached XP level 8. HP: 42/69 MP: 8/8
  7098 | D:6      | Found a sand-covered staircase.
  7111 | Ossuary  | Entered an ossuary
  7338 | Ossuary  | Noticed Menkaure
  7350 | Ossuary  | Killed Menkaure
  7659 | D:6      | Identified a scroll of acquirement
  7692 | D:6      | Reached skill level 7 in Polearms
  7799 | D:6      | HP: 1/70 [centaur/enchanted shortbow (7)]
  7800 | D:6      | Slain by a centaur

Vault maps used:
D:1:      scummos_arrival_gate, hangedman_feature_mirror,
          kennysheep_decorative_pillar, minmay_misc_feat_plants,
          kennysheep_doodads
D:2:      uniq_terence
D:3:      overflow_temple_1_default, first_ration, grunt_ashenzari_visionary
D:4:      cheibrodos_greedy_goblins, lemuel_crystal_altar, temple_green
D:5:      lemuel_coloured_pillars_altar, zin_angel,
          nicolae_overflow_hidden_temple, serial_shops,
          nicolae_shop_behind_doors, portal_sewer_entry_b, uniq_sigmund
D:6:      enter_ossuary_4
Temple:   compressed_dpeg_triangle_lava_temple
Ossuary:  ossuary_due_pyramid

Skill      XL: |  1  2  3  4  5  6  7  8 |
---------------+-------------------------+-----
Polearms       | 3 4 5 6 7 |  7.3
Fighting       | 4 5 6 |  6.0
Dodging        | 3 4 |  4.5
Stealth        | |  1.1

Action                   |  1- 3 |  4- 6 |  7- 9 || total
-------------------------+-------+-------+-------++-------
Melee: Spear             |   138 |   115 |       ||   253
       Kick              |    22 |    53 |    49 ||   124
       Trident           |       |   141 |   274 ||   415
Evoke: Wand              |       |       |     1 ||     1
  Use: Potion            |     1 |       |       ||     1
       Scroll            |       |       |    10 ||    10
 Stab: Sleeping          |     1 |       |       ||     1
       Distracted        |       |     1 |       ||     1
  Eat: Chunk             |       |     8 |     5 ||    13
       Ration            |       |     1 |     1 ||     2
Armor: Robe              |    42 |       |       ||    42
       Chain mail        |       |    98 |    28 ||   126
       Ring mail         |       |     2 |       ||     2
       Scale mail        |       |       |    42 ||    42
Dodge: Dodged            |    43 |    45 |    60 ||   148

Table legend:
 A = Spawn XP
 B = Non-spawn XP
 C = Spawn XP percentage of total XP
 D = Spawn monster count
 E = Non-spawn monster count
 F = Spawn count percentage of total count
 G = Total turns spent on level
                    A         B        C        D         E        F      G
               +---------+---------+-------+---------+---------+-------+---------
         Total |       0 |    2010 |   0.0 |       0 |     152 |   0.0 |  7800
               +---------+---------+-------+---------+---------+-------+---------
           D:1 |       0 |      61 |   0.0 |       0 |      34 |   0.0 |  1047
           D:2 |       0 |      76 |   0.0 |       0 |      14 |   0.0 |  1087
           D:3 |       0 |      27 |   0.0 |       0 |      14 |   0.0 |   930
           D:4 |       0 |     531 |   0.0 |       0 |      30 |   0.0 |  1190
           D:5 |       0 |     911 |   0.0 |       0 |      27 |   0.0 |  2089
           D:6 |       0 |     299 |   0.0 |       0 |       7 |   0.0 |   184
       Ossuary |       0 |     105 |   0.0 |       0 |      26 |   0.0 |   525
               +---------+---------+-------+---------+---------+-------+---------
